cohdb
Replays
Latest Replays
All Replays
Popular Replays
Top Player Replays
Match Explorer
How It Works
Community
CoH3 Stats
Reddit
Sign in to upload your games and track your stats! →
Sign in with Steam
Match 45087719
Unlisted
Match 45087719
Overview
Messages
Build Orders
End
Panzergrenadier Squad
250 Light Carrier
Panzergrenadier Squad
Construct Light Support Kompanie
250 Light Carrier
Selects Armored Support Battlegroup
Combat Half-tracks
Fire Support Elements
Panzerjäger Mechanized Group
Flakvierling Half-track
Vehicle Survival Package
Selects Salvage Kits
Construct Panzerarmee Kommand
Panzer III L Medium Tank
Selects Veteran Gunners
Emergency Repair Kits
Panzer III L Medium Tank
Selects Panzer Storm
MG34 Team
Panzer III L Medium Tank
Selects Stuka Anti-tank Loiter
Panzer Storm
Stuka Anti-tank Loiter
Panzer III L Medium Tank
Panzer Storm
Flakvierling Half-track
Rapid Advance
Selects Flammpanzer III Medium Tank
Selects Command Panzer IV F Medium Tank
Command Panzer IV F Medium Tank
Panzer Storm
Command Panzer IV F Medium Tank
Tungsten Core Ammunition
Stuka Anti-tank Loiter
Panzer Storm
Panzer III L Medium Tank
打飞医保卡
Ok.okokok
一杆大长枪
Gear-IV-G
Sabersama
【POW】游骑
THE one-冰封夕阳
斜阳淡淡柳阴阴
0
0
Comments
sign in to comment!
No comments posted yet!